 Dungeon Crawl Stone Soup version 0.29-a0-284-gf9362112df (webtiles) character file.

Game seed: 4401499459309765247

4438 sammy202020 the Fighter (level 10, -11/80 HPs)
             Began as a Demonspawn Berserker on Apr 1, 2022.
             Was an Elder of Trog.
             Mangled by a death knight
             ... wielding a +4 great mace
              (23 damage)
             ... on level 9 of the Dungeon.
             The game lasted 00:15:20 (7930 turns).

sammy202020 the Fighter (Demonspawn Berserker)      Turns: 7930, Time: 00:15:21

Health: -11/80     AC: 16    Str: 19    XL:     10   Next: 14%
Magic:  0/10       EV:  8    Int: 10    God:    Trog [****..]
Gold:   311        SH:  0    Dex: 14    Spells: 9/9 levels left

rFire   . . .      SeeInvis .   a - +1 hand axe
rCold   . . .      Faith    .   (no shield)
rNeg    . . .      Spirit   +   z - +0 plate armour
rPois   .          Reflect  .   (no helmet)
rElec   .          Harm     .   (no cloak)
rCorr   .          Rampage  .   (no gloves)
Will    .....                   (no boots)
Stlth   ..........              n - amulet of guardian spirit
HPRegen 0.23/turn               (no ring)
MPRegen 0.12/turn               (no ring)

@: confused, studying Dodging
A: claws 1, yellow scales 2, foul stench 1, spiny 2
a: Renounce Religion, Berserk, Trog's Hand, Brothers in Arms


You were on level 9 of the Dungeon.
You worshipped Trog.
Trog was greatly pleased with you.
You visited 1 branch of the dungeon, and saw 9 of its levels.

You collected 311 gold pieces.

Inventory:

Hand Weapons
 a - a +1 hand axe (weapon)
 k - a +0 war axe
 q - a +0 mace
Missiles
 c - 8 boomerangs
 h - 6 poisoned darts (quivered)
 s - 2 javelins
 y - a curare-tipped dart
Armour
 z - a +0 plate armour (worn)
Jewellery
 n - an amulet of guardian spirit (around neck)
Wands
 m - a wand of paralysis (18)
 p - a wand of flame (35)
Scrolls
 d - a scroll of enchant armour
 f - 6 scrolls of teleportation
 w - a scroll of fog
 A - a scroll of enchant weapon
 B - a scroll of immolation
 C - a scroll of silence
Potions
 b - a potion of might {unknown}
 e - a potion of brilliance {unknown}
 g - 3 potions of curing
 i - a potion of ambrosia {unknown}
 j - a potion of heal wounds {unknown}
 o - 2 potions of magic
 r - a potion of attraction {unknown}
 t - a potion of degeneration {unknown}
 u - a potion of cancellation {unknown}
 v - a potion of haste {unknown}
 x - a potion of lignification {unknown}


   Skills:
 * Level 8.1 Fighting
 * Level 7.3 Axes
 * Level 7.1 Armour
 + Level 5.4 Dodging
 * Level 2.8 Unarmed Combat
 - Level 3.4 Evocations


You had 9 spell levels left.
You didn't know any spells.
Your spell library was empty.

Dungeon Overview and Level Annotations

Branches:
Dungeon (8/15)             Temple (0/1) D:7
   Lair: D:8-11

Altars:

Shops:
D:1 *   D:2 =([


Innate Abilities, Weirdness & Mutations

You have sharp fingernails.
You are mostly covered in yellow scales. (AC +3)
You may rarely emit foul miasma when damaged in melee.
You are mostly covered in sharp spines.


Message History

You are engulfed in a cloud of scalding steam.
The orc wizard is engulfed in a cloud of scalding steam.
The orc wizard dies!
Things that are here:
a +1 vampiric dagger; a +0 robe; an orc corpse
Things that are here:
a +0 flail; a +0 leather armour You see here a +0 club.
HP restored.
Things that are here:
a +0 short sword; a +0 leather armour; an orc corpse You open the door.
A vampire comes into view.
The vampire points at you and mumbles some strange words.
You are confused.
A vampire is nearby!
You are too confused!
You are too confused!
You are too confused!
You are too confused!
A death knight comes into view. It is wielding a +4 great mace.
The death knight hits you but does no damage.
The death knight hits you with a +4 great mace!
Okay, then.
The death knight attacks as you move away!
The death knight hits you with a +4 great mace!
You're too confused to move!
The death knight hits you with a +4 great mace!!
Okay, then.
You closely miss the death knight. You barely miss the vampire.
The death knight hits you with a +4 great mace!
* * * LOW HITPOINT WARNING * * *
The vampire closely misses you.
The vampire bites you but does no damage.
The vampire attacks as you move away! The vampire hits you!
* * * LOW HITPOINT WARNING * * *
The vampire barely misses you.
The death knight is struck by your spines.
The death knight hits you with a +4 great mace!!
You die...

#......#
#......#
#......###
#......#.
#......'
#......#
#.....V#
#....p.#
#####@##
###....#
#.....##
#.....#
#.....######
#.....'....#
#.....####.+
#.)...#
#[.)..#


You could see a death knight and a vampire.

Vanquished Creatures
  The ghost of spaghetti the Thaumaturge, a novice DEVM of Fedhas (D:7)
  Prince Ribbit (D:7)
  The ghost of bronco the Sneak, an amateur DDDe (D:4)
  4 yaks (D:8)
  A wraith (D:6)
  2 steam dragons
  2 water moccasins (D:7)
  An acid dragon (D:7)
  2 orc warriors (D:7)
  A black bear (D:4)
  2 ogres
  An ice beast (D:7)
  A centaur (D:7)
  A phantom (D:5)
  Blork the orc (D:4)
  A kobold brigand (D:7)
  A bullfrog (D:7)
  3 necrophages
  6 scorpions
  A howler monkey (D:5)
  4 jellies
  6 orc priests
  2 hounds
  Ijyb (D:2)
  2 iguanas
  10 orc wizards
  7 adders
  A shadow imp (D:5)
  2 ufetubi
  3 worms
  A dart slug (D:2)
  33 orcs
  4 ball pythons (D:1)
  4 bats
  6 endoplasms
  A giant cockroach (D:2)
  10 goblins
  A hobgoblin (D:1)
  4 jackals (D:3)
  2 quokkas
  3 frilled lizards
  15 kobolds
  3 rats
159 creatures vanquished.

Vanquished Creatures (others)
  2 orc wizards
2 creatures vanquished.

Grand Total: 161 creatures vanquished

Notes
Turn   | Place    | Note
-------+----------+-------------------------------------------
     0 | D:1      | sammy202020 the Demonspawn Berserker began the quest for
                  | the Orb.
     0 | D:1      | Reached XP level 1. HP: 18/18 MP: 1/1
   440 | D:1      | Gained mutation: You are partially covered in yellow
                  | scales. (AC +2) [demonic ancestry]
   440 | D:1      | Reached XP level 2. HP: 24/24 MP: 2/2
   545 | D:1      | Found Ilorren's Assorted Antiques.
  1219 | D:1      | Found a faded altar of an unknown god.
  1240 | D:2      | Found Zeigyot's Jewellery Shoppe.
  1330 | D:2      | Reached XP level 3. HP: 21/29 MP: 3/3
  1445 | D:2      | Found Egopugett's Antique Weapon Emporium.
  1585 | D:2      | Noticed Ijyb
  1595 | D:2      | Paralysed by Ijyb for 3 turns
  1598 | D:2      | Reached ** piety under Trog
  1611 | D:2      | Killed Ijyb
  1612 | D:2      | Gained mutation: You may rarely emit foul miasma when
                  | damaged in melee. [demonic ancestry]
  1612 | D:2      | Reached XP level 4. HP: 16/37 MP: 4/4
  2181 | D:2      | Found Toomuyso's Armour Shoppe.
  2932 | D:3      | Reached skill level 4 in Fighting
  2932 | D:3      | Reached XP level 5. HP: 41/42 MP: 5/5
  3206 | D:4      | Found a runed translucent door.
  3315 | D:4      | Noticed bronco's ghost (amateur DDDe)
  3400 | D:4      | Noticed Blork the orc
  3413 | D:4      | Killed Blork the orc
  3638 | D:4      | Gained mutation: You are partially covered in sharp spines.
                  | [demonic ancestry]
  3638 | D:4      | Reached XP level 6. HP: 46/49 MP: 6/6
  3742 | D:4      | Reached skill level 1 in Evocations
  3847 | D:4      | Gained mutation: You are mostly covered in sharp spines.
                  | [demonic ancestry]
  3847 | D:4      | Reached XP level 7. HP: 32/55 MP: 4/7
  4135 | D:4      | Killed bronco's ghost
  4136 | D:4      | Reached skill level 5 in Fighting
  4153 | D:5      | Entered Level 5 of the Dungeon
  4377 | D:5      | Reached skill level 5 in Axes
  4500 | D:5      | Noticed a steam dragon
  4510 | D:5      | Killed a steam dragon
  4511 | D:5      | Gained mutation: You are mostly covered in yellow scales.
                  | (AC +3) [demonic ancestry]
  4511 | D:5      | Reached XP level 8. HP: 12/64 MP: 2/8
  4853 | D:5      | Reached *** piety under Trog
  5046 | D:5      | Reached skill level 5 in Armour
  5049 | D:5      | Reached skill level 6 in Fighting
  6434 | D:7      | Gained mutation: You have sharp fingernails. [demonic
                  | ancestry]
  6434 | D:7      | Reached XP level 9. HP: 71/71 MP: 9/9
  6463 | D:7      | Noticed spaghetti's ghost (novice DEVM)
  6483 | D:7      | Found a runed translucent gate.
  6483 | D:7      | Found a runed translucent gate.
  6484 | D:7      | Found a runed translucent gate.
  6525 | D:7      | Noticed Prince Ribbit
  6537 | D:7      | Killed spaghetti's ghost
  6538 | D:7      | Reached skill level 7 in Fighting
  6538 | D:7      | Reached skill level 1 in Unarmed Combat
  6540 | D:7      | Killed Prince Ribbit
  6555 | D:7      | Identified a scroll of acquirement
  6555 | D:7      | Acquired a manual of Dodging
  7079 | D:7      | Found a staircase to the Ecumenical Temple.
  7094 | D:7      | Reached skill level 5 in Dodging
  7409 | D:7      | Reached **** piety under Trog
  7434 | D:7      | Identified the +3 glaive of the Yoke {speed, Str+6 Dex-4}
  7768 | D:8      | Reached skill level 8 in Fighting
  7768 | D:8      | Reached XP level 10. HP: 68/80 MP: 4/10
  7863 | D:8      | You fall into a shaft and drop 1 floor!
  7925 | D:9      | Noticed a death knight
  7930 | D:9      | Mangled by a death knight

Illustrated notes

Levels and vault maps discovered:
D:1:      matt_arrival_diagonals, layout_basic,
          shapermc_ecumenical_altar_mp_vishouse, serial_shops,
          nicolae_shop_advertising_works [nicolae_subvault_shop_adworks]
D:2:      kennysheep_the_goblin_king, layout_rooms, serial_shops,
          nicolae_diamond_shop, nicolae_shop_trees, nicolae_lakefront_shop,
          nrook_mini_vaults
D:3:      layout_basic
D:4:      layout_basic, ebering_ghost_reflecting_pool, uniq_blork_the_orc
D:5:      layout_loops_ring, dreamdust_wishing_well, chequers_mini_garden,
          grunt_decor_cap
D:6:      layout_loops_ring, item_on_display_a
D:7:      layout_cave_pools, minmay_temple_entry_glassed_door,
          gammafunk_ghost_split, uniq_prince_ribbit1
D:8:      cheibrodos_steamvent, layout_cave_pools, dpeg_lair_monsters,
          serial_shops, shop_scrolls, uniq_erica
D:9:      layout_roguey, uniq_harold

Skill      XL: |  1  2  3  4  5  6  7  8  9 10 |
---------------+-------------------------------+-----
Armour         | 2 3 4 5 6 7 |  7.1
Axes           | 3 4 5 6 7 |  7.3
Dodging        | 2 3 4 5 |  5.4
Fighting       | 4 5 6 8 |  8.1
Evocations     | 1 2 3 |  3.4
Unarmed Combat | 2 |  2.8

Action                   |  1- 3 |  4- 6 |  7- 9 | 10-12 || total
-------------------------+-------+-------+-------+-------++-------
Melee: Hand axe          |   107 |   155 |   270 |    11 ||   543
       Punch             |     2 |     1 |     2 |       ||     5
Invok: Berserk           |       |     1 |     6 |       ||     7
       Trog's Hand       |       |       |     4 |       ||     4
  Use: Scroll            |       |     6 |     9 |       ||    15
Armor: Ring mail         |    21 |       |       |       ||    21
       Animal skin       |     1 |       |       |       ||     1
       Chain mail        |    26 |   111 |   129 |       ||   266
       Plate armour      |       |       |    35 |    16 ||    51
Dodge: Dodged            |    67 |    80 |   104 |     7 ||   258

Table legend: (Time is in decaauts)
 A = Elapsed time spent in this place.
 B = Non-inter-level travel time spent in this place.
 C = Inter-level travel time spent in this place.
 D = Time resting spent in this place.
 E = Time spent auto-exploring this place.
 F = Levels seen in this place.
 G = Mean time per level.
                   A        B        C        D        E       F      G
               +--------+--------+--------+--------+--------+-----+--------+
         Total |   8051 |   8008 |     43 |    272 |   6223 |   9 |  894.6 |
       Dungeon |   8051 |   8008 |     43 |    272 |   6223 |   9 |  894.6 |
               +--------+--------+--------+--------+--------+-----+--------+

Top non-repeatable levels by time:
     D:7: 1364 daAuts
     D:1: 1247 daAuts
     D:5: 1202 daAuts
     D:6: 1102 daAuts
     D:2: 1033 daAuts
     D:4: 977 daAuts
     D:3: 942 daAuts
     D:8: 115 daAuts
     D:9: 66 daAuts
